 Dungeon Crawl Stone Soup version 0.31-a0-889-g1a8549509d (webtiles) character file.

Game seed: 9181664083105308714

12 Ahpoh the Covered (level 2, -3/25 HPs)
             Began as a Barachi Fighter on Oct 16, 2023.
             Succumbed to a kobold's poison
             ... on level 1 of the Dungeon.
             The game lasted 00:02:00 (317 turns).

Ahpoh the Covered (Barachi Fighter)                  Turns: 317, Time: 00:02:01

Health: -3/25      AC:  7    Str: 17    XL:     2   Next: 33%
Magic:  2/2        EV:  9    Int:  8    God:
Gold:   25         SH:  4    Dex: 11    Spells: 1/1 levels left

rFire   . . .        a - +0 long sword
rCold   . . .        c - +0 buckler
rNeg    . . .        b - +0 scale mail
rPois   .            (no helmet)
rElec   .            (no cloak)
rCorr   .            (no gloves)
SInv    +            (no boots)
Will    .....        (no amulet) Stlth
                     f - ring of see invisible
HPRegen 0.24/turn    (no ring)
MPRegen 0.08/turn

%: no passive effects
@: lethally poisoned (-3 -> -29), slow
A: amphibious, slowness 1, strong legs 1, +LOS
a: Hop


You were on level 1 of the Dungeon.
You visited 1 branch of the dungeon, and saw 1 of its levels.

You collected 25 gold pieces.

Inventory:

Hand Weapons
 a - a +0 long sword (weapon)
Armour
 b - a +0 scale mail (worn)
 c - a +0 buckler (worn)
Jewellery
 f - a ring of see invisible (left hand)
Scrolls
 e - a scroll of identify {unknown}
Potions
 d - a potion of might
 g - a potion of degeneration {unknown}


   Skills:
 * Level 3.9 Fighting
 * Level 2.7 Long Blades
 * Level 3.9 Armour
 + Level 3.3 Shields


You had one spell level left.
You didn't know any spells.
Your spell library was empty.

Dungeon Overview and Level Annotations

Branches:
Dungeon (1/15)

Altars:


Innate Abilities, Weirdness & Mutations

You are amphibious.
You cover ground slowly.
You can hop short distances.
You have an extended range of vision and can be seen from far away.


Message History

There is a shaft here.
Found 7 stones.
A rat comes into view.
A rat is nearby!
You block the rat's attack.
You hit the rat.
You kill the rat!
You see here 7 stones.
A kobold comes into view.
It is wielding a +2 short sword of venom.
The kobold shouts!
A dart slug comes into view.
There are monsters nearby!
A giant cockroach and a kobold come into view.
The kobold shouts!
The dart slug launches a dart at you. The slug dart misses you.
The kobold hits you with a +2 short sword of venom.
You miss the kobold. The kobold closely misses you.
You block the kobold's attack.
You closely miss the kobold.
The kobold hits you with a +2 short sword of venom.
You are poisoned.
You completely miss the kobold.
You feel very sick.
The kobold hits you with a +2 short sword of venom.
You are lethally poisoned!
You barely miss the kobold.
You feel very sick. The kobold hits you but does no damage.
You are more poisoned.
The kobold barely misses you.
You hit the kobold.
The kobold is severely wounded.
* * * LOW HITPOINT WARNING * * *
You feel very sick. The kobold hits you but does no damage.
You are more poisoned.
You barely miss the kobold.
The kobold is severely wounded.
You die...

# #(# # #.# ##
#.# ...# #.#
##.# ####.# #
#....# #.####
#.# # #@#
##..# #K#
....# #B#
..... #K#
###.#. #w#
......
....B........#
###.#.
.....K...###.#
#.#.#
#.###.#..#
.#.# #.#..#


You could see a dart slug, a giant cockroach and 2 kobolds.

Vanquished Creatures
  A dart slug (D:1)
  5 endoplasms (D:1)
  A kobold (D:1)
  A ball python (D:1)
  A rat (D:1)
9 creatures vanquished.

Notes
Turn   | Place    | Note
-------+----------+-------------------------------------------
     0 | D:1      | Ahpoh the Barachi Fighter began the quest for the Orb.
     0 | D:1      | Reached XP level 1. HP: 18/18 MP: 1/1
   175 | D:1      | Reached XP level 2. HP: 25/25 MP: 2/2
   317 | D:1      | Succumbed to a kobold's poison

Illustrated notes

Levels and vault maps discovered:
D:1:      zaba_arrival_water, layout_loops_ring, serial_shops,
          nicolae_shop_real_fake_doors

Action                     || total
---------------------------++-------
  Melee: Long sword        ||    26
 Armour: Scale mail        ||    13
  Dodge: Dodged            ||    10
  Block: Buckler           ||     7

Table legend: (Time is in decaauts)
 A = Elapsed time spent in this place.
 B = Non-inter-level travel time spent in this place.
 C = Inter-level travel time spent in this place.
 D = Time resting spent in this place.
 E = Time spent auto-exploring this place.
 F = Levels seen in this place.
 G = Mean time per level.
                   A        B        C        D        E       F      G
               +--------+--------+--------+--------+--------+-----+--------+
         Total |    369 |    369 |      0 |      0 |    253 |   1 |  369.0 |
       Dungeon |    369 |    369 |      0 |      0 |    253 |   1 |  369.0 |
               +--------+--------+--------+--------+--------+-----+--------+

Top non-repeatable levels by time:
     D:1: 369 daAuts
